[ AOE2 MATCH · #513367726 ]
UnrankedTurks vs Malay
Player's team · WIN
Rival team · LOSS
[ REPLAY ANALYSIS · EXTRACTED FROM THE RECORDED GAME ]
Feudal
9:22
Castle
21:41
Imperial
37:28
| APM avg | 73.9 |
| APM peak | 189 |
| eAPM avg | 46.8 |
| Villagers / military | 129 / 112 |
Focus
⚔️ 53.5% · 🌾 46.5%
Scout Cavalry ×74 · Janissary ×24 · Bombard Cannon ×11 · Monk ×2 · Trebuchet (Packed) ×1
Feudal
9:46
Castle
23:43
Imperial
40:05
| APM avg | 58.4 |
| APM peak | 98 |
| eAPM avg | 27.2 |
| Villagers / military | 149 / 134 |
Focus
⚔️ 26.4% · 🌾 73.6%
Archer ×65 · Spearman ×62 · Militia ×3 · Trebuchet (Packed) ×3 · Skirmisher ×1
Match map
Initial resources + every placement click. Lines = walls · curves = elevation contours. ◆ gold · ⬟ stone · ● berries · ✦ relic · ◌ wall gap
Your base· Open — opponent sealed themselves in
meomap824's base· ✓ Closed at 23:43 · 69t walls · 1 gate(s)
Smoothed initial terrain · ◌ = detected wall gap · hover for details
Inputs per minute
— Velvet Thunder - - meomap824
Build order — Velvet Thunder
First 150 of 442 actions detected
| 0:04 | Build | House |
| 0:04 | Queue | Villager (Male) |
| 0:04 | Queue | Villager (Male) |
| 0:05 | Build | House |
| 0:15 | Queue | Villager (Male) |
| 0:16 | Queue | Villager (Male) |
| 0:16 | Queue | Villager (Male) |
| 1:22 | Queue | Villager (Male) |
| 1:23 | Queue | Villager (Male) |
| 2:06 | Queue | Villager (Male) |
| 2:06 | Queue | Villager (Male) |
| 2:06 | Queue | Villager (Male) |
| 2:20 | Build | Lumber Camp |
| 2:36 | Queue | Villager (Male) |
| 2:36 | Queue | Villager (Male) |
| 2:36 | Queue | Villager (Male) |
| 3:02 | Queue | Villager (Male) |
| 3:02 | Queue | Villager (Male) |
| 3:04 | Queue | Villager (Male) |
| 3:04 | Queue | Villager (Male) |
| 3:05 | Queue | Villager (Male) |
| 3:30 | Queue | Villager (Male) |
| 3:30 | Queue | Villager (Male) |
| 3:30 | Queue | Villager (Male) |
| 3:58 | Build | House |
| 4:07 | Queue | Villager (Male) |
| 4:08 | Queue | Villager (Male) |
| 4:08 | Queue | Villager (Male) |
| 4:36 | Build | Mill |
| 4:57 | Queue | Villager (Male) |
| 4:57 | Queue | Villager (Male) |
| 4:57 | Queue | Villager (Male) |
| 6:03 | Build | House |
| 6:11 | Queue | Villager (Male) |
| 6:25 | Research | Loom |
| 6:26 | Research | Loom |
| 6:26 | Research | Loom |
| 7:06 | Research | Feudal Age |
| 7:06 | Research | Feudal Age |
| 7:07 | Research | Feudal Age |
| 7:29 | Build | Barracks |
| 7:32 | Build | Palisade Wall |
| 8:00 | Build | Palisade Wall |
| 8:09 | Build | Palisade Wall |
| 8:39 | Build | House |
| 8:48 | Build | Palisade Wall |
| 9:18 | Build | Palisade Wall |
| 9:20 | Build | House |
| 9:21 | Build | Palisade Wall |
| 9:21 | Build | Palisade Wall |
| 9:22 | Age | Feudal Age |
| 9:30 | Build | Stable |
| 9:37 | Queue | Villager (Male) |
| 10:02 | Queue | Scout Cavalry |
| 10:02 | Queue | Scout Cavalry |
| 10:10 | Build | House |
| 10:12 | Build | Palisade Wall |
| 10:15 | Queue | Scout Cavalry |
| 10:20 | Queue | Villager (Male) |
| 10:36 | Queue | Villager (Male) |
| 10:50 | Queue | Scout Cavalry |
| 10:57 | Queue | Villager (Male) |
| 11:04 | Build | Farm |
| 11:40 | Build | Palisade Wall |
| 11:47 | Queue | Scout Cavalry |
| 11:48 | Queue | Villager (Male) |
| 11:56 | Build | Lumber Camp |
| 12:26 | Queue | Scout Cavalry |
| 12:30 | Build | Palisade Wall |
| 12:35 | Queue | Villager (Male) |
| 12:36 | Queue | Villager (Male) |
| 12:40 | Research | Double-Bit Axe |
| 12:40 | Research | Double-Bit Axe |
| 12:40 | Research | Double-Bit Axe |
| 13:02 | Queue | Villager (Male) |
| 13:04 | Build | Farm |
| 13:30 | Build | Farm |
| 13:52 | Queue | Villager (Male) |
| 14:01 | Queue | Villager (Male) |
| 14:11 | Build | Farm |
| 14:13 | Build | Farm |
| 14:21 | Build | Farm |
| 14:24 | Build | Farm |
| 14:28 | Build | Farm |
| 14:29 | Build | Farm |
| 14:46 | Queue | Villager (Male) |
| 14:51 | Build | Farm |
| 14:55 | Build | Farm |
| 14:57 | Build | Farm |
| 15:01 | Queue | Villager (Male) |
| 15:04 | Build | Mining Camp |
| 15:08 | Build | Mining Camp |
| 15:14 | Queue | Villager (Male) |
| 15:17 | Build | Farm |
| 15:23 | Build | Farm |
| 15:24 | Build | Farm |
| 15:27 | Build | House |
| 15:28 | Build | Palisade Wall |
| 15:42 | Build | Farm |
| 15:43 | Queue | Villager (Male) |
| 16:04 | Research | Horse Collar |
| 16:04 | Research | Horse Collar |
| 16:06 | Build | Farm |
| 16:24 | Queue | Villager (Male) |
| 16:26 | Build | Farm |
| 16:30 | Build | Farm |
| 16:53 | Queue | Villager (Male) |
| 17:15 | Build | Stable |
| 17:52 | Queue | Villager (Male) |
| 18:03 | Build | Market |
| 18:52 | Build | Farm |
| 18:55 | Build | Stable |
| 19:01 | Research | Castle Age |
| 19:06 | Queue | Scout Cavalry |
| 19:06 | Queue | Scout Cavalry |
| 19:06 | Queue | Scout Cavalry |
| 19:06 | Queue | Scout Cavalry |
| 19:06 | Queue | Scout Cavalry |
| 19:13 | Build | Palisade Wall |
| 19:26 | Research | Gold Mining |
| 19:26 | Research | Gold Mining |
| 19:26 | Research | Gold Mining |
| 19:39 | Build | House |
| 19:46 | Queue | Scout Cavalry |
| 19:46 | Queue | Scout Cavalry |
| 19:58 | Build | House |
| 20:00 | Build | House |
| 20:01 | Build | House |
| 20:03 | Build | House |
| 20:05 | Build | House |
| 20:24 | Build | Watch Tower |
| 20:36 | Queue | Scout Cavalry |
| 20:37 | Queue | Scout Cavalry |
| 20:37 | Queue | Scout Cavalry |
| 20:39 | Build | Farm |
| 20:47 | Build | Blacksmith |
| 21:41 | Age | Castle Age |
| 21:49 | Research | Bloodlines |
| 21:50 | Research | Bloodlines |
| 21:50 | Queue | Scout Cavalry |
| 21:50 | Queue | Scout Cavalry |
| 21:50 | Queue | Scout Cavalry |
| 21:57 | Queue | Villager (Male) |
| 22:02 | Build | House |
| 22:10 | Build | Stable |
| 22:15 | Queue | Villager (Male) |
| 22:27 | Research | Scale Barding Armor |
| 22:27 | Research | Scale Barding Armor |
| 22:27 | Research | Scale Barding Armor |
| 23:00 | Queue | Villager (Male) |
Build order — meomap824
First 150 of 414 actions detected
| 0:00 | Queue | Villager (Male) |
| 0:00 | Queue | Villager (Male) |
| 0:01 | Queue | Villager (Male) |
| 0:02 | Build | House |
| 0:03 | Build | House |
| 0:11 | Queue | Villager (Male) |
| 0:11 | Queue | Villager (Male) |
| 1:32 | Queue | Villager (Male) |
| 1:46 | Build | House |
| 1:47 | Build | House |
| 1:50 | Queue | Villager (Male) |
| 1:50 | Queue | Villager (Male) |
| 2:20 | Queue | Villager (Male) |
| 2:20 | Queue | Villager (Male) |
| 2:36 | Build | Lumber Camp |
| 2:53 | Queue | Villager (Male) |
| 2:53 | Queue | Villager (Male) |
| 3:18 | Queue | Villager (Male) |
| 3:34 | Queue | Villager (Male) |
| 3:34 | Queue | Villager (Male) |
| 3:59 | Queue | Villager (Male) |
| 3:59 | Queue | Villager (Male) |
| 4:24 | Queue | Villager (Male) |
| 4:33 | Queue | Villager (Male) |
| 4:46 | Queue | Villager (Male) |
| 5:34 | Research | Loom |
| 5:37 | Queue | Villager (Male) |
| 5:53 | Build | Barracks |
| 6:41 | Queue | Villager (Male) |
| 6:43 | Queue | Militia |
| 6:44 | Queue | Militia |
| 6:44 | Queue | Militia |
| 6:59 | Queue | Villager (Male) |
| 7:11 | Build | House |
| 7:30 | Build | Mill |
| 7:38 | Queue | Villager (Male) |
| 7:48 | Queue | Villager (Male) |
| 8:26 | Research | Feudal Age |
| 8:26 | Research | Feudal Age |
| 8:52 | Build | Mining Camp |
| 9:35 | Queue | Villager (Male) |
| 9:35 | Queue | Villager (Male) |
| 9:46 | Age | Feudal Age |
| 10:03 | Research | Man-at-Arms (upgrade) |
| 10:03 | Research | Man-at-Arms (upgrade) |
| 10:21 | Queue | Villager (Male) |
| 10:25 | Build | House |
| 10:27 | Build | Archery Range |
| 10:29 | Queue | Villager (Male) |
| 10:42 | Build | Farm |
| 10:49 | Build | House |
| 11:09 | Build | House |
| 11:13 | Queue | Villager (Male) |
| 11:15 | Queue | Spearman |
| 11:37 | Build | House |
| 11:39 | Queue | Spearman |
| 11:52 | Queue | Archer |
| 11:53 | Queue | Skirmisher |
| 11:59 | Queue | Villager (Male) |
| 12:22 | Queue | Spearman |
| 12:26 | Build | Farm |
| 12:28 | Build | Farm |
| 12:31 | Queue | Archer |
| 12:38 | Queue | Spearman |
| 12:47 | Build | Palisade Wall |
| 12:59 | Build | Palisade Wall |
| 13:03 | Build | Palisade Wall |
| 13:16 | Queue | Villager (Male) |
| 13:16 | Queue | Villager (Male) |
| 13:18 | Build | Farm |
| 13:21 | Queue | Villager (Male) |
| 13:21 | Queue | Villager (Male) |
| 13:21 | Queue | Villager (Male) |
| 14:06 | Queue | Villager (Male) |
| 14:07 | Queue | Spearman |
| 14:24 | Queue | Villager (Male) |
| 14:27 | Build | Farm |
| 14:28 | Build | Farm |
| 14:34 | Queue | Archer |
| 14:34 | Queue | Archer |
| 14:48 | Build | Palisade Wall |
| 15:13 | Build | Farm |
| 15:16 | Queue | Villager (Male) |
| 15:17 | Queue | Villager (Male) |
| 15:32 | Build | Lumber Camp |
| 15:40 | Build | Palisade Wall |
| 15:55 | Queue | Villager (Male) |
| 15:57 | Build | Farm |
| 16:10 | Build | Palisade Wall |
| 16:28 | Queue | Spearman |
| 16:30 | Queue | Archer |
| 16:31 | Queue | Archer |
| 16:46 | Queue | Villager (Male) |
| 16:53 | Queue | Archer |
| 16:58 | Build | Blacksmith |
| 17:07 | Queue | Archer |
| 17:14 | Build | House |
| 17:17 | Research | Wheelbarrow |
| 17:17 | Research | Wheelbarrow |
| 17:19 | Queue | Archer |
| 17:47 | Queue | Villager (Male) |
| 17:50 | Build | Farm |
| 17:51 | Build | Farm |
| 17:52 | Build | Farm |
| 17:52 | Queue | Villager (Male) |
| 18:09 | Queue | Archer |
| 18:09 | Queue | Archer |
| 18:14 | Build | Archery Range |
| 18:25 | Queue | Villager (Male) |
| 18:26 | Queue | Archer |
| 18:29 | Build | House |
| 18:31 | Build | Palisade Wall |
| 18:34 | Build | Palisade Wall |
| 19:00 | Queue | Archer |
| 19:00 | Queue | Archer |
| 19:03 | Queue | Villager (Male) |
| 19:07 | Build | Farm |
| 19:09 | Research | Double-Bit Axe |
| 19:12 | Research | Fletching |
| 19:12 | Research | Fletching |
| 19:13 | Queue | Archer |
| 19:13 | Queue | Archer |
| 19:39 | Queue | Villager (Male) |
| 19:40 | Build | Farm |
| 19:42 | Queue | Villager (Male) |
| 19:45 | Build | Farm |
| 19:47 | Research | Padded Archer Armor |
| 19:47 | Research | Padded Archer Armor |
| 20:00 | Build | Farm |
| 20:01 | Build | Farm |
| 20:01 | Queue | Villager (Male) |
| 20:23 | Queue | Villager (Male) |
| 20:31 | Queue | Villager (Male) |
| 20:33 | Build | Market |
| 20:37 | Build | House |
| 21:00 | Build | Farm |
| 21:01 | Build | Farm |
| 21:02 | Build | Farm |
| 21:12 | Queue | Villager (Male) |
| 21:55 | Build | Farm |
| 21:55 | Build | Farm |
| 22:00 | Build | Archery Range |
| 22:07 | Research | Castle Age |
| 22:07 | Research | Castle Age |
| 22:27 | Build | Mining Camp |
| 22:40 | Build | House |
| 22:41 | Build | House |
| 22:42 | Build | House |
| 22:55 | Build | Farm |
| 22:56 | Build | Farm |
Match timeline
| 5:53 | meomap824 · first_building Barracks |
| 7:29 | Velvet Thunder · first_building Barracks |
| 7:32 | Velvet Thunder · wall_segment Palisade Wall x3 |
| 8:00 | Velvet Thunder · wall_segment Palisade Wall x2 |
| 8:09 | Velvet Thunder · wall_segment Palisade Wall x6 |
| 8:48 | Velvet Thunder · wall_segment Palisade Wall x1 |
| 9:18 | Velvet Thunder · wall_segment Palisade Wall x4 |
| 9:21 | Velvet Thunder · wall_segment Palisade Wall x1 |
| 9:21 | Velvet Thunder · wall_segment Palisade Wall x1 |
| 9:22 | Velvet Thunder · age_up feudal |
| 9:30 | Velvet Thunder · first_building Stable |
| 9:46 | meomap824 · age_up feudal |
| 10:12 | Velvet Thunder · wall_segment Palisade Wall x1 |
| 10:27 | meomap824 · first_building Archery Range |
| 11:40 | Velvet Thunder · wall_segment Palisade Wall x1 |
| 12:30 | Velvet Thunder · wall_segment Palisade Wall x7 |
| 12:47 | meomap824 · wall_segment Palisade Wall x7 |
| 12:59 | meomap824 · wall_segment Palisade Wall x12 |
| 13:03 | meomap824 · wall_segment Palisade Wall x17 |
| 14:48 | meomap824 · wall_segment Palisade Wall x5 |
| 15:28 | Velvet Thunder · wall_segment Palisade Wall x1 |
| 15:40 | meomap824 · wall_segment Palisade Wall x11 |
| 16:10 | meomap824 · wall_segment Palisade Wall x15 |
| 18:31 | meomap824 · wall_segment Palisade Wall x1 |
| 18:34 | meomap824 · wall_segment Palisade Wall x1 |
| 19:13 | Velvet Thunder · wall_segment Palisade Wall x4 |
| 21:41 | Velvet Thunder · age_up castle |
| 22:04 | meomap824 · first_market_buy 100 food |
| 23:15 | Velvet Thunder · first_market_buy 100 stone |
| 23:43 | meomap824 · age_up castle |
| 24:12 | Velvet Thunder · wall_segment Stone Wall x1 |
| 26:07 | Velvet Thunder · wall_segment Palisade Wall x1 |
| 26:35 | meomap824 · wall_segment Palisade Wall x1 |
| 26:37 | meomap824 · wall_segment Palisade Wall x1 |
| 27:06 | meomap824 · wall_segment Palisade Wall x1 |
| 27:34 | Velvet Thunder · wall_segment Palisade Wall x1 |
| 27:34 | Velvet Thunder · wall_segment Palisade Wall x1 |
| 27:35 | Velvet Thunder · wall_segment Palisade Wall x1 |
| 28:15 | meomap824 · wall_segment Stone Wall x10 |
| 28:19 | Velvet Thunder · first_building Castle |
| 28:21 | meomap824 · wall_segment Stone Wall x7 |
| 28:23 | meomap824 · wall_segment Stone Wall x1 |
| 28:24 | meomap824 · wall_segment Stone Wall x1 |
| 29:06 | Velvet Thunder · first_building Monastery |
| 30:04 | meomap824 · wall_segment Stone Wall x1 |
| 30:56 | meomap824 · first_building Castle |
| 33:15 | Velvet Thunder · first_market_sell 100 wood |
| 33:35 | meomap824 · wall_segment Stone Wall x2 |
| 33:35 | Velvet Thunder · wall_segment Stone Wall x1 |
| 33:37 | Velvet Thunder · wall_segment Stone Wall x4 |
| 33:44 | Velvet Thunder · wall_segment Stone Wall x1 |
| 36:57 | Velvet Thunder · first_building Siege Workshop |
| 37:28 | Velvet Thunder · age_up imperial |
| 37:54 | meomap824 · first_market_sell 100 stone |
| 40:05 | meomap824 · age_up imperial |
| 40:37 | Velvet Thunder · wall_segment Stone Wall x3 |
| 40:37 | Velvet Thunder · wall_segment Stone Wall x1 |
| 40:38 | Velvet Thunder · wall_segment Stone Wall x2 |
| 40:38 | Velvet Thunder · wall_segment Stone Wall x1 |
| 44:24 | meomap824 · resign |
[ AI ANALYSIS · 1 CREDIT ]
What really happened in this match?
Wolo.gg analyzes every decision: build order, eco, micro, common mistakes by bracket. Personalized analysis on WhatsApp or Discord in 30 seconds.
Civ guide
Turks
Perfil
Jugador #2385609